 Dungeon Crawl Stone Soup version 0.17.1-2-g5865329 (webtiles) character file.

343 Metrazal the Sneak (level 6, 0/30 HPs)
             Began as a Spriggan Assassin on Jan 16, 2016.
             Killed by nerve-wracking pain
             ... invoked by Grinder
              (9 damage)
             ... while paralysed by Grinder
             ... on level 3 of the Dungeon.
             The game lasted 00:33:53 (3020 turns).

Metrazal the Sneak (Spriggan Assassin)              Turns: 3020, Time: 00:33:53

Health: 0/30       AC:  3    Str:  7    XL:     6   Next: 31%
Magic:  7/7        EV:  4    Int: 12    God:
Gold:   121        SH:  0    Dex: 20    Spells: 0 memorised, 5 levels left

rFire  . . .     SeeInvis +     o - +0 hunting sling
rCold  . . .     Clarity  .     c - +0 robe
rNeg   . . .     SustAt   .     (shield restricted)
rPois  .         Gourm    .     (helmet restricted)
rElec  .         Spirit   .     d - +0 cloak
rCorr  .         Warding  .     (gloves unavailable)
rMut   .         Stasis   .     (boots unavailable)
MR     +....                    (no amulet)
Stlth  ++++......               (no ring)
                                (no ring)

@: paralysed, very quick, somewhat resistant to hostile enchantments, stealthy
A: unfitting armour, see invisible, herbivore 3, speed 3, slow metabolism 2
a: no special abilities


You were on level 3 of the Dungeon.
You were not hungry.

You visited 1 branch of the dungeon, and saw 3 of its levels.

You collected 121 gold pieces.

Inventory:

Hand Weapons
 a - a +2 dagger
 b - a +0 blowgun
 o - a +0 hunting sling (weapon)
Missiles
 e - 7 poisoned needles
 f - 2 curare-tipped needles
 h - 13 sling bullets
 i - 30 stones (quivered)
 j - 20 steel bolts
 n - 40 arrows
 t - 2 throwing nets
Armour
 c - a +0 robe (worn)
 d - a +0 cloak (worn)
Scrolls
 k - 5 scrolls of identify {unknown}
 l - a scroll of remove curse {unknown}
 p - a scroll of random uselessness {unknown}
 s - 2 scrolls of teleportation {unknown}
 v - a scroll of immolation {unknown}
Potions
 m - a potion of flight {unknown}
 q - 2 potions of degeneration {unknown}
 r - a potion of brilliance {unknown}
 u - a potion of cure mutation {unknown}
Comestibles
 g - 2 bread rations


   Skills:
 - Level 1.5 Fighting
 - Level 3.8 Short Blades
 + Level 4.2(4.7) Slings
 - Level 2.5(3.4) Throwing
 + Level 5.8 Dodging
 - Level 5.9 Stealth


You had 5 spell levels left.
You didn't know any spells.

Dungeon Overview and Level Annotations

Branches:
Dungeon (3/15)

Altars:

Annotations:
D:3 Grinder


Innate Abilities, Weirdness & Mutations

You are tiny and cannot use many weapons and most armour.
You have supernaturally acute eyesight.
You are a herbivore.
You cover ground extremely quickly.
You need consume almost no food.


Message History

Grinder is severely wounded.
Grinder gestures at you. Pain shoots through your body!
* * * LOW HITPOINT WARNING * * *
Firing (i - inventory. (,) - cycle):
i - 32 stones (quivered)
Press: ? - help, Shift-Dir - straight line, f/p - Grinder
Aim: Grinder (severely wounded)
You shoot a stone. The stone hits Grinder.
Grinder is almost dead.
Grinder gestures at you.
You easily resist.
Firing (i - inventory. (,) - cycle):
i - 31 stones (quivered)
Press: ? - help, Shift-Dir - straight line, f/p - Grinder
Aim: Grinder (almost dead)
You shoot a stone. The stone completely misses Grinder.
Grinder gestures at you.
You suddenly lose the ability to move!
Grinder gestures at you. Pain shoots through your body!
You die...

## #.##.............#.###..... .
#....######......#.# #.....
#.#.#.## ###......###.....
....#.#.#... ................
....#.#.##### ###.##..#........
....#.#.# #. #...........
.(..#.#.# ..#.#....... ..(..
#.#############............
.....##.##(..5..@.....#..........
....(#.(.(.###############.......
.....(.##.............# #.######
......###.############# ......#
#.# #.......... ###.### #.#
#.#######.# ... #.##. # .### ####


You could see Grinder.

Vanquished Creatures
  Sigmund (D:3)
  Crazy Yiuf (D:2)
  Ijyb (D:2)
  Jessica (D:2)
  2 adders (D:2)
  4 gnolls (D:2)
  3 worms
  2 giant geckos
  2 hobgoblins (D:2)
  9 jackals (D:2)
  A ball python (D:1)
  2 bats (D:1)
  2 giant cockroaches
  2 giant newts (D:1)
  2 goblins
  5 kobolds
  5 rats
45 creatures vanquished.

Notes
Turn   | Place    | Note
--------------------------------------------------------------
     0 | D:1      | Metrazal the Spriggan Assassin began the quest for the Orb.
     0 | D:1      | Reached XP level 1. HP: 10/10 MP: 2/2
   590 | D:1      | Reached XP level 2. HP: 14/14 MP: 3/3
   826 | D:2      | Noticed Jessica
   836 | D:2      | Killed Jessica
   836 | D:2      | Reached XP level 3. HP: 18/18 MP: 4/4
  1046 | D:2      | Noticed Crazy Yiuf
  1057 | D:2      | Killed Crazy Yiuf
  1057 | D:2      | Reached skill level 1 in Slings
  1057 | D:2      | Reached XP level 4. HP: 12/22 MP: 5/5
  1545 | D:2      | Noticed Ijyb
  1606 | D:2      | Killed Ijyb
  1939 | D:2      | Reached XP level 5. HP: 25/25 MP: 6/6
  2508 | D:3      | Noticed Sigmund
  2795 | D:3      | Killed Sigmund
  2795 | D:3      | Reached skill level 5 in Dodging
  2795 | D:3      | Reached XP level 6. HP: 30/30 MP: 7/7
  2976 | D:3      | Noticed Grinder
  2982 | D:3      | Paralysed by Grinder for 6 turns
  3019 | D:3      | Paralysed by Grinder for 5 turns
  3020 | D:3      | Killed from afar by Grinder

Action                   |  1- 3 |  4- 6 || total
-------------------------+-------+-------++-------
Melee: Dagger            |     3 |       ||     3
 Fire: Blowgun           |    25 |     4 ||    29
       Hunting sling     |    23 |   173 ||   196
Throw: Stone             |     2 |       ||     2
 Stab: Sleeping          |     9 |     1 ||    10
       Distracted        |     1 |       ||     1
